 Dungeon Crawl Stone Soup version 0.19-a0-1090-g3c1ee9c (webtiles) character file.

157653 pppaaasssddd the Severer (level 17, -5/156 HPs)
             Began as a Minotaur Fighter on Aug 7, 2016.
             Was the Champion of Okawaru.
             Slain by Polyphemus (9 damage)
             ... on level 3 of the Shoals.
             The game lasted 01:23:53 (36230 turns).

pppaaasssddd the Severer (Minotaur Fighter)        Turns: 36230, Time: 01:23:54

Health: -5/156     AC: 29    Str: 35    XL:     17   Next: 12%
Magic:  14/19      EV:  2    Int:  5    God:    Okawaru [******]
Gold:   1389       SH:  0    Dex: 17    Spells: 1 memorised, 15 levels left

rFire  + . .     SeeInvis +     w - +2 broad axe (elec)
rCold  + . .     Gourm    .     L - +7 chain mail of the Bells {+Fly rPois}
rNeg   + + +     Faith    .     c - +1 shield
rPois  ∞         Spirit   .     j - +2 hat of the Endless Expanse {rF+ rC+ Str+3 Dex+2}
rElec  .         Dismiss  .     O - +0 cloak
rCorr  +         Reflect  +     (no gloves)
SustAt .         Harm     .     z - +1 pair of boots
MR     ++...                    D - +6 amulet of reflection
Stlth  ..........               J - ring "Oren Wasu" {rCorr Dex+4}
                                x - ring of see invisible

@: mighty, petrified, heroism, finesse, very slightly contaminated, hasted,
studying Necromancy
A: retaliatory headbutt, horns 2, magic resistance 1
a: Heroism, Finesse, Renounce Religion, Evoke Flight


You were on level 3 of the Shoals.
You worshipped Okawaru.
Okawaru was exalted by your worship.
You were not hungry.

You visited 6 branches of the dungeon, and saw 30 of its levels.
You visited the Abyss 1 time.

You collected 2983 gold pieces.
You spent 1594 gold pieces at shops.

Inventory:

Hand Weapons
 w - a +2 broad axe of electrocution (weapon)
 F - the +1 war axe "Dragonslayer" {drain, *Drain rElec rC+ rN+++}
   (Okawaru gifted it to you on level 2 of the Spider Nest)

   A truly terrible weapon, it drains the life of those it strikes.
   It protects you from cold.
   It insulates you from electricity.
   It renders you almost immune to negative energy.
   It causes draining when unequipped.
 U - the +12 mace of the Blind Eye {crush, *Confuse rF+ Dex+5}
   (You found it on level 6 of the Lair of Beasts)

   It inflicts extra damage upon your enemies.
   It affects your dexterity (+5).
   It protects you from fire.
   It may confuse you when you take damage.
Armour
 c - a +1 shield (worn)
 j - the +2 hat of the Endless Expanse (worn) {rF+ rC+ Str+3 Dex+2}
   (Okawaru gifted it to you on level 2 of the Abyss)

   It affects your strength (+3).
   It affects your dexterity (+2).
   It protects you from fire.
   It protects you from cold.
 p - a +8 plate armour
 z - a +1 pair of boots (worn)
 L - the +7 chain mail of the Bells (worn) {+Fly rPois}
   (Okawaru gifted it to you on level 2 of the Shoals)

   It protects you from poison.
   It lets you fly.
 O - a +0 cloak (worn)
Jewellery
 x - a ring of see invisible (left hand)
 y - an uncursed ring of protection from fire
 D - a +6 amulet of reflection (around neck)
 J - the ring "Oren Wasu" (right hand) {rCorr Dex+4}
   (You found it on level 1 of the Shoals)

   [ring of resist corrosion]

   It affects your dexterity (+4).
 M - an uncursed ring of sustain attributes
 S - an uncursed ring of protection from magic
Wands
 b - a wand of paralysis (6/24)
 H - a wand of disintegration (17/24)
 K - a wand of confusion (27/48)
 R - a wand of enslavement (8/24)
Scrolls
 h - 6 scrolls of teleportation
 l - 4 scrolls of recharging
 t - 6 scrolls of magic mapping
 u - 6 scrolls of amnesia
 B - 3 scrolls of blinking
 C - 13 scrolls of remove curse
 N - 3 scrolls of fog
 P - 2 scrolls of fear
Potions
 a - 3 potions of heal wounds
 d - a potion of haste
 e - a potion of berserk rage
 i - 6 potions of curing
 k - 3 potions of cancellation
 m - a potion of magic
 n - 3 potions of cure mutation
 o - 3 potions of mutation
 r - 2 potions of flight
 s - 6 potions of lignification
 A - 3 potions of brilliance
 G - 2 potions of might
 T - a potion of invisibility
Books
 v - the Incunabulum of the Nocuous Entourage
   (You found it on level 1 of the Spider Nest)

   Spells                             Type                      Level
   a - Ignite Poison                  Fire/Transmutation/Poison    3
   b - Summon Ice Beast               Ice/Summoning                4
   c - Summon Lightning Spire         Summoning/Air                4
   d - Poisonous Cloud                Conjuration/Poison/Air       6
 E - a manual of Necromancy
Miscellaneous
 Q - a lamp of fire
Comestibles
 f - 12 bread rations
 g - 14 meat rations
 q - 7 royal jellies
 I - a beef jerky


   Skills:
 + Level 15.3(20.3) Fighting
 * Level 20.1(25.1) Axes
 + Level 15.1(20.1) Armour
 + Level 13.6(18.6) Dodging
 + Level 15.1(20.1) Shields
 - Level 4.0 Invocations


You had 15 spell levels left.
You knew the following spells:

 Your Spells              Type           Power        Failure   Level  Hunger
a - Apportation           Tloc           #.........   94%         1    ##.....


Dungeon Overview and Level Annotations

Branches:
Dungeon (15/15)            Temple (1/1) D:7            Lair (6/6) D:9
 Shoals (3/4) Lair:4       Spider (3/4) Lair:2        Slime (0/5) Lair:5
    Orc (2/2) D:10            Elf (0/3) Orc:2        Vaults (0/5) D:14
 Depths (0/5) D:15

Altars:
Ashenzari
Cheibriados
Dithmenos
Elyvilon
Fedhas
Gozag
Hepliaklqana
Kikubaaqudgha
Makhleb
Nemelex Xobeh
Okawaru
Pakellas
Qazlal
Ru
Sif Muna
Trog
Uskayaw
Vehumet
Xom
Yredelemnul
Zin
The Shining One
Beogh

Shops:
D:7 =   D:12 [   Orc:1 %   Orc:2 }!?(

Portals:
Trove: D:15 (lose all piety)

Annotations:
Shoals:3 Polyphemus


Innate Abilities, Weirdness & Mutations

You reflexively headbutt those who attack you in melee.
You have a pair of horns on your head.
You are resistant to hostile enchantments. (MR+)


Message History

* * * LOW HITPOINT WARNING * * *
The catoblepas gores you but does no damage.
The merfolk hits you from afar with a trident!
* * * LOW HITPOINT WARNING * * *
The death yak gores you!!
* * * LOW HITPOINT WARNING * * *
Polyphemus hits you but does no damage. Polyphemus hits you!
* * * LOW HITPOINT WARNING * * *
Polyphemus hits you!
* * * LOW HITPOINT WARNING * * *
Polyphemus hits you!
* * * LOW HITPOINT WARNING * * *
The catoblepas gores you but does no damage.
The death yak gores you!
* * * LOW HITPOINT WARNING * * *
The merfolk hits you from afar with a trident.
* * * LOW HITPOINT WARNING * * *
A faun comes into view. It is wielding a quarterstaff.
The water nymph is no longer petrified.
Polyphemus hits you!!
You die...

≈≈≈≈..≈≈≈≈≈≈≈≈PP≈PP≈≈≈≈
P≈≈P≈≈≈≈≈≈≈≈≈≈≈≈≈≈≈PPP≈≈
...≈≈≈≈≈≈≈≈≈≈≈≈≈≈≈≈PP≈≈≈
....≈≈≈≈≈≈≈≈≈≈≈≈≈≈P.≈P≈
#....≈≈≈≈...≈≈PP≈P.P≈≈
#...§≈≈........PP≈≈≈.
#...m...........≈≈≈.
#..≈≈≈......?...≈≈.≈
#.Y@.####..≈.....≈≈≈
#..CY## ##.....≈.≈≈.
....cmcH# #..≈.≈≈.≈≈≈
.≈.....## #...≈≈..≈≈≈
c...... ####.≈.....≈≈≈
.....## #....≈.....≈≈≈
..... #[..P.###..≈≈≈
.?... ###≈.#..# #....≈
PPP.....######..


You could see Polyphemus (berserk), a death yak, a catoblepas, a griffon, a
merfolk, 3 fauns and a water nymph.

Vanquished Creatures
  Nikola (Spider:2)
  Arachne (Spider:2)
  A bone dragon (Abyss:2)
  A kraken (Shoals:1)
  An emperor scorpion (Spider:1)
  A ghost moth (Spider:2)
  The ghost of Promi the Destroyer, a journeyman HECj of Vehumet (Spider:1)
  A very ugly thing (Abyss:2)
  An entropy weaver (Spider:1)
  A spark wasp (Spider:2)
  A merfolk javelineer (Shoals:1)
  2 merfolk impalers
  2 ogre magi
  Erolcha (Orc:1)
  A vault guard (D:14)
  Harold (Lair:1)
  Erica (D:9)
  6 hydras
  A death knight (D:14)
  4 merfolk avatars
  3 centaur warriors
  2 death yaks (Shoals:3)
  A tengu warrior (D:14)
  An orc high priest (Orc:2)
  Nergalle (Orc:2)
  5 sea snakes
  2 unseen horrors
  4 wizards (D:15)
  7 hill giants
  2 lindwurms (Lair:6)
  9 harpies
  An orc knight (D:15)
  A wolf spider zombie (D:11)
  9 orb spiders
  A necromancer (D:15)
  10 griffons
  5 wolf spiders
  2 moths of wrath (Spider:2)
  4 fauns
  16 ugly things
  10 orc sorcerers
  A hornet (Spider:2)
  3 deep elf magi
  2 slime creatures (D:15)
  5 manticores
  6 cyclopes
  20 elephants
  4 sirens
  An apocalypse crab (Abyss:2)
  5 black mambas
  A gargoyle (D:13)
  7 centaur zombies
  11 spiny frogs
  A torpor snail (Spider:1)
  5 rime drakes
  8 demonic crawlers
  7 komodo dragons
  A freezing wraith (D:15)
  A rime drake (shapeshifter) (D:15)
  An efreet (D:15)
  A tengu conjurer (D:14)
  An ancient zyme (Abyss:2)
  A queen bee (D:8)
  6 polar bears (Lair:6)
  3 trolls
  9 merfolk
  18 jumping spiders
  A two-headed ogre (D:15)
  2 wind drakes (Shoals:2)
  A hornet zombie (D:15)
  A raiju (Abyss:2)
  2 boulder beetles (Spider:2)
  20 blink frogs
  4 snapping turtles
  A large abomination (Abyss:2)
  2 shadows
  10 spriggans (Lair:6)
  5 wyverns
  A ynoxinul (Abyss:2)
  48 redbacks
  3 water elementals
  A vampire (D:15)
  24 tarantellas
  27 yaks
  3 basilisks
  2 hungry ghosts
  Grum (D:8)
  3 fire bats (Lair:2)
  A warg (Orc:2)
  14 hippogriffs
  12 water moccasins
  3 hell hounds (Abyss:2)
  4 black bears
  25 orc warriors
  3 porcupines
  12 ice beasts
  7 wasps
  6 sky beasts
  An eye of draining (D:14)
  13 ogres
  A necrophage (D:9)
  3 phantoms
  4 boggarts (Lair:6)
  8 centaurs
  26 wolves
  11 crocodiles
  A big kobold (D:6)
  A gnoll sergeant (D:8)
  20 giant frogs
  An earth elemental (Abyss:2)
  6 scorpions
  A wyvern skeleton (D:14)
  2 small abominations (Abyss:2)
  A water moccasin skeleton (D:11)
  17 killer bees
  18 wights
  2 electric eels
  6 howler monkeys
  5 giant frog zombies
  11 crimson imps
  4 quasits
  4 starcursed masses (Abyss:2)
  10 jellies
  9 hounds
  12 orc priests
  8 centaur skeletons
  Jessica (D:3)
  7 iguanas
  35 orc wizards
  12 worker ants
  14 sheep
  A hound zombie (D:8)
  4 hound skeletons
  A howler monkey skeleton (D:6)
  8 gnolls
  18 adders
  64 river rats
  5 shadow imps
  5 oozes (Lair:5)
  2 adder zombies
  2 adder skeletons
  2 worms
  A dart slug (D:1)
  10 giant geckos
  100 orcs
  7 giant cockroaches
  11 goblins
  17 hobgoblins
  3 jackals
  2 quokkas
  A ball python (D:3)
  9 bats
  A giant gecko skeleton (D:4)
  5 giant newts
  A jackal skeleton (D:5)
  34 kobolds
  2 quokka skeletons
  4 rats
  2 fungi
  16 plants
  3 tentacles (Shoals:1)
1120 creatures vanquished.

Vanquished Creatures (collateral kills)
  An iguana (D:14)
1 creature vanquished.

Vanquished Creatures (others)
  A satyr (Shoals:3)
  A water moccasin (Lair:5)
  An orc wizard (Orc:2)
  12 fungi
  12 plants
  5 tentacles (Shoals:1)
  387 tentacle segments (Shoals:1)
419 creatures vanquished.

Grand Total: 1540 creatures vanquished

Notes
Turn   | Place    | Note
-------+----------+-------------------------------------------
     0 | D:1      | pppaaasssddd the Minotaur Fighter began the quest for the Orb.
     0 | D:1      | Reached XP level 1. HP: 19/19 MP: 0/0
   290 | D:1      | Reached XP level 2. HP: 27/27 MP: 1/1
   338 | D:1      | Reached skill level 1 in Dodging
   816 | D:2      | Reached XP level 3. HP: 29/33 MP: 2/2
  1038 | D:2      | Reached skill level 3 in Axes
  1457 | D:2      | Reached XP level 4. HP: 34/40 MP: 3/3
  1809 | D:2      | Found a sacrificial altar of Ru.
  1814 | D:2      | Reached skill level 4 in Axes
  2015 | D:3      | Found a radiant altar of Vehumet.
  2016 | D:3      | Found a burning altar of Makhleb.
  2031 | D:3      | Reached XP level 5. HP: 43/46 MP: 4/4
  2596 | D:3      | Noticed Jessica
  2607 | D:3      | Killed Jessica
  2607 | D:3      | Reached skill level 5 in Axes
  2929 | D:4      | Reached XP level 6. HP: 50/53 MP: 5/5
  3495 | D:5      | Entered Level 5 of the Dungeon
  3625 | D:5      | Reached skill level 5 in Fighting
  3625 | D:5      | Reached skill level 5 in Armour
  3625 | D:5      | Reached XP level 7. HP: 55/61 MP: 6/6
  3635 | D:5      | Reached skill level 6 in Axes
  3635 | D:5      | Reached skill level 5 in Shields
  5008 | D:5      | Reached skill level 7 in Axes
  5369 | D:5      | Reached XP level 8. HP: 64/70 MP: 7/7
  6028 | D:6      | Reached skill level 8 in Axes
  7104 | D:7      | Found a snail-covered altar of Cheibriados.
  7199 | D:7      | Found a staircase to the Ecumenical Temple.
  7211 | Temple   | Entered the Ecumenical Temple
  7273 | Temple   | Became a worshipper of Warmaster Okawaru
  7362 | D:7      | Found a white marble altar of Elyvilon.
  7595 | D:7      | Found Edoingu's Jewellery Emporium.
  7847 | D:7      | Found a deep blue altar of Sif Muna.
  8020 | D:8      | Noticed Grum
  8032 | D:8      | Reached skill level 9 in Axes
  8032 | D:8      | Reached XP level 9. HP: 50/78 MP: 8/8
  8043 | D:8      | Killed Grum
  8043 | D:8      | Reached skill level 5 in Dodging
  8046 | D:8      | Reached * piety under Okawaru
  8581 | D:8      | Reached skill level 10 in Axes
  8586 | D:8      | Reached ** piety under Okawaru
  8634 | D:8      | Noticed a hill giant
  8643 | D:8      | Killed a hill giant
  8643 | D:8      | Reached XP level 10. HP: 40/88 MP: 9/9
  9085 | D:8      | Reached *** piety under Okawaru
  9317 | D:8      | Reached skill level 11 in Axes
  9466 | D:9      | Noticed Erica
  9866 | D:9      | Killed Erica
  9866 | D:9      | Reached **** piety under Okawaru
 10959 | D:9      | Reached ***** piety under Okawaru
 10962 | D:9      | Reached skill level 12 in Axes
 10972 | D:9      | Reached XP level 11. HP: 70/95 MP: 10/10
 10973 | D:9      | Found a shattered altar of Ashenzari.
 11152 | D:9      | Found a staircase to the Lair.
 11176 | D:9      | Received a gift from Okawaru
 11217 | D:9      | Found a snail-covered altar of Cheibriados.
 11220 | D:9      | Found a glowing silver altar of Zin.
 11309 | D:9      | Found a basalt altar of Yredelemnul.
 11544 | D:10     | Entered Level 10 of the Dungeon
 11544 | D:10     | Found a staircase to the Orcish Mines.
 11725 | D:10     | Noticed a hill giant
 11732 | D:10     | Killed a hill giant
 12120 | Lair:1   | Entered Level 1 of the Lair of Beasts
 12120 | Lair:1   | Noticed a seven-headed hydra
 12133 | Lair:1   | Killed a seven-headed hydra
 12319 | Lair:1   | Found a frozen archway.
 12449 | Lair:1   | Reached skill level 13 in Axes
 12488 | Lair:1   | Noticed Harold
 12498 | Lair:1   | Killed Harold
 12518 | Lair:1   | Reached skill level 10 in Fighting
 12780 | Lair:1   | Reached skill level 10 in Armour
 12780 | Lair:1   | Reached skill level 10 in Shields
 13085 | Lair:2   | Reached ****** piety under Okawaru
 13085 | Lair:2   | Received a gift from Okawaru
 13235 | Lair:2   | Reached XP level 12. HP: 104/106 MP: 11/11
 13314 | Lair:2   | Found a hole to the Spider Nest.
 13731 | Lair:2   | Reached skill level 14 in Axes
 14363 | Lair:3   | Found a bloodstained altar of Trog.
 15023 | Lair:3   | Noticed a four-headed hydra
 15041 | Lair:3   | Killed a four-headed hydra
 15731 | Lair:4   | Found a staircase to the Shoals.
 16219 | Lair:4   | Received a gift from Okawaru
 16330 | Lair:4   | Noticed a six-headed hydra
 16624 | Lair:4   | Killed a six-headed hydra
 16821 | Lair:4   | Reached XP level 13. HP: 103/116 MP: 12/12
 16825 | Lair:4   | Reached skill level 15 in Axes
 17105 | Lair:5   | Reached skill level 10 in Dodging
 17360 | Lair:5   | Found a staircase to the Slime Pits.
 17997 | Lair:6   | Entered Level 6 of the Lair of Beasts
 18510 | Lair:6   | Reached skill level 1 in Invocations
 18994 | Lair:6   | Got an encrusted rapier
 18995 | Lair:6   | Identified the cursed +1 rapier "Vyla" {drain, Dex+2} (You found it on level 6 of the Lair of Beasts)
 19167 | Lair:6   | Reached skill level 16 in Axes
 19213 | Lair:6   | Received a gift from Okawaru
 20194 | Lair:6   | Reached XP level 14. HP: 124/127 MP: 15/15
 20223 | Lair:6   | Got a polished mace
 20226 | Lair:6   | Identified the +12 mace of the Blind Eye {crush, *Confuse rF+ Dex+5} (You found it on level 6 of the Lair of Beasts)
 21012 | D:11     | Learned a level 1 spell: Apportation
 21092 | D:11     | Received a gift from Okawaru
 21591 | D:12     | Found Viushovu's Armour Shop.
 21866 | D:12     | Found a blossoming altar of Fedhas.
 22742 | D:14     | Received a gift from Okawaru
 22742 | D:14     | Reached skill level 17 in Axes
 24094 | D:14     | Found a gate to the Vaults.
 24107 | D:14     | Received a gift from Okawaru
 24114 | D:14     | Got a warped hand axe {god gift}
 24139 | D:15     | Entered Level 15 of the Dungeon
 24525 | D:15     | Found an opulent altar of Gozag.
 24681 | D:15     | Reached XP level 15. HP: 136/136 MP: 17/17
 24718 | D:15     | Found a portal to a secret trove of treasure.
 25428 | D:15     | Cast into level 2 of the Abyss (a wizard)
 25575 | Abyss:2  | Received a gift from Okawaru
 25579 | Abyss:2  | Noticed a bone dragon
 25611 | Abyss:2  | Killed a bone dragon
 25642 | Abyss:2  | Got a crude hat {god gift}
 25648 | Abyss:2  | Identified the +2 hat of the Endless Expanse {rF+ rC+ Str+3 Dex+2} (Okawaru gifted it to you on level 2 of the Abyss)
 25937 | D:15     | Escaped the Abyss
 25957 | D:15     | Reached skill level 18 in Axes
 26184 | D:15     | Found a staircase to the Depths.
 26346 | Orc:1    | Entered Level 1 of the Orcish Mines
 26609 | Orc:1    | Noticed Erolcha
 26617 | Orc:1    | Killed Erolcha
 26744 | Orc:1    | Found Ygynup's Food Shop.
 26894 | Orc:2    | Entered Level 2 of the Orcish Mines
 26988 | Orc:2    | Found a staircase to the Elven Halls.
 27014 | Orc:2    | Paralysed by an orc sorcerer for 2 turns
 27468 | Orc:2    | Paralysed by an orc sorcerer for 3 turns
 27491 | Orc:2    | Paralysed by an orc sorcerer for 5 turns
 27525 | Orc:2    | Found Xovvaaga's Gadget Boutique.
 27548 | Orc:2    | Found an ancient bone altar of Kikubaaqudgha.
 27549 | Orc:2    | Noticed Nergalle
 27562 | Orc:2    | Killed Nergalle
 27581 | Orc:2    | Found Qinla's Distillery.
 27599 | Orc:2    | Found a roughly hewn altar of Beogh.
 27599 | Orc:2    | Found Deikhley's Magic Scroll Shop.
 27627 | Orc:2    | Found a radiant altar of Vehumet.
 28078 | Orc:2    | Found Ocaashra's Antique Weapon Boutique.
 28081 | Orc:2    | Bought a scroll of blinking for 82 gold pieces
 28421 | Orc:2    | Bought a potion of heal wounds for 70 gold pieces
 28421 | Orc:2    | Bought a potion of haste for 140 gold pieces
 28421 | Orc:2    | Bought a potion of beneficial mutation for 490 gold pieces
 28421 | Orc:2    | Bought a potion of curing for 42 gold pieces
 28421 | Orc:2    | Bought a potion of heal wounds for 70 gold pieces
 28421 | Orc:2    | Bought a potion of curing for 42 gold pieces
 28421 | Orc:2    | Bought 2 potions of curing for 84 gold pieces
 28421 | Orc:2    | Bought a potion of cure mutation for 350 gold pieces
 28421 | Orc:2    | Bought a potion of haste for 140 gold pieces
 28421 | Orc:2    | Bought a potion of curing for 42 gold pieces
 28421 | Orc:2    | Bought a potion of curing for 42 gold pieces
 28421 | Orc:2    | Gained mutation: You are resistant to hostile enchantments. (MR+) [potion of beneficial mutation]
 28587 | Spider:1 | Entered Level 1 of the Spider Nest
 28588 | Spider:1 | Received a gift from Okawaru
 29466 | Spider:1 | Noticed Promi's ghost (journeyman HECj)
 29493 | Spider:1 | Killed Promi's ghost
 29700 | Spider:1 | Received a gift from Okawaru
 29974 | Spider:1 | Identified the Incunabulum of the Nocuous Entourage
 30041 | Spider:1 | Reached XP level 16. HP: 122/146 MP: 18/18
 30904 | Spider:2 | Noticed Arachne
 30927 | Spider:2 | Killed Arachne
 30973 | Spider:2 | Reached skill level 19 in Axes
 31202 | Spider:2 | Noticed Nikola
 31232 | Spider:2 | Killed Nikola
 31574 | Spider:2 | You fall through a shaft!
 32155 | Spider:2 | Received a gift from Okawaru
 32158 | Spider:2 | Got an ichor-stained war axe {god gift}
 32159 | Spider:2 | Identified the +1 war axe "Dragonslayer" {drain, *Drain rElec rC+ rN+++} (Okawaru gifted it to you on level 2 of the Spider Nest)
 33256 | Shoals:1 | Entered Level 1 of the Shoals
 33663 | Shoals:1 | Identified the ring "Oren Wasu" {rCorr Dex+4} (You found it on level 1 of the Shoals)
 33706 | Shoals:1 | Reached skill level 15 in Fighting
 34147 | Shoals:1 | Found a radiant altar of Vehumet.
 34152 | Shoals:1 | Noticed a kraken
 34164 | Shoals:1 | Killed a kraken
 34398 | Shoals:2 | Received a gift from Okawaru
 34434 | Shoals:2 | Got a steaming chain mail {god gift}
 34445 | Shoals:2 | Identified the +7 chain mail of the Bells {+Fly rPois} (Okawaru gifted it to you on level 2 of the Shoals)
 34804 | Shoals:2 | Reached skill level 15 in Shields
 34892 | Shoals:2 | Reached skill level 15 in Armour
 35789 | Shoals:3 | Reached XP level 17. HP: 156/156 MP: 19/19
 35791 | Shoals:3 | Reached skill level 20 in Axes
 36209 | Shoals:3 | Noticed Polyphemus
 36229 | Shoals:3 | HP: 5/156 [death yak[Polyphemus] (4)]
 36230 | Shoals:3 | Slain by Polyphemus

Vault maps used:
D:1:      dpeg_arrival_water_temple_mockup, serial_bayou_pond_d,
          hangedman_decor_clover_reticule, kennysheep_crisscross
D:2:      nicolae_ru_great_annihilating_truth, serial_park_tiny_2,
          patterned_corridor
D:3:      grunt_temple_overflow_lords_of_destruction, uniq_jessica
D:4:      first_bread
D:5:      corexii_shantytown
D:6:      kennysheep_kobold_camp, nicolae_benzene_ring
D:7:      lemuel_round_altar, nicolae_overflow_hidden_temple, serial_shops,
          shop, cheibriados_altar_1
D:8:      wad_guarded_room, uniq_grum
D:9:      evilmike_ruin_ashenzari, grunt_temple_overflow_open,
          lemuel_crystal_altar, david_lair_shrubbed, david_nohive_1, uniq_erica
D:10:     orc_0_dummy
D:12:     serial_shops, kennysheep_mini, lemuel_altar_in_water2
D:13:     kennysheep_generic_room_9
D:14:     david_vaults_5, corexii_hall_statues_l
D:15:     grunt_enter_depths_magical_seal, nicolae_trove_entry_crystal,
          minivault_25, basic_altar, roderic_st_hans_cross
Temple:   dshaligram_water_room_temple
Lair:1:   portal_ice_cave_entry_ice_beasts, uniq_harold
Lair:2:   spider_nest_entry_webs, nicolae_volcano_entry_batcave
Lair:3:   basic_altar, grunt_megastairs_4, serial_bayou_shore_b
Lair:4:   minmay_shoals_entry_lonely_mermaid
Lair:5:   beast_lair_carwin_large_1, nicolae_slime_entry_slimehenge
Lair:6:   minmay_lair_end_enchanted_forest, serial_bayou_pond_c,
          bh_autumn_forest_stairs
Shoals:1: wheals_shoals_ruined_temple
Shoals:3: uniq_aizul, uniq_polyphemus
Spider:2: spider_trap, uniq_arachne, uniq_nikola
Spider:3: uniq_mara
Orc:1:    serial_shops, nicolae_shop_window_shopping, uniq_erolcha
Orc:2:    kennysheep_orc_mage_school

Skill      XL: |  1  2  3  4  5  6  7  8  9 10 11 12 13 14 15 16 17 |
---------------+----------------------------------------------------+-----
Dodging        | 1 2 3 4 6 7 8 9 10 11 12 13 | 13.6
Armour         | 4 5 6 7 9 10 11 12 13 14 15 | 15.1
Axes           | 3 4 5 7 9 10 12 13 14 16 17 18 19 20 | 20.1
Shields        | 4 5 6 7 9 10 11 12 13 14 15 | 15.1
Fighting       | 4 5 6 7 8 10 11 12 13 14 15 | 15.3
Invocations    | 3 4 |  4.0

Action                   |  1- 3 |  4- 6 |  7- 9 | 10-12 | 13-15 | 16-18 || total
-------------------------+-------+-------+-------+-------+-------+-------++-------
Melee: War axe           |    98 |   130 |   438 |   254 |       |       ||   920
       Headbutt          |    11 |    24 |    93 |   176 |   339 |   157 ||   800
       Broad axe         |       |       |       |   410 |  1379 |   569 ||  2358
       Whip              |       |       |       |    36 |       |       ||    36
       Flail             |       |       |       |       |    20 |       ||    20
       Trident           |       |       |       |       |     7 |       ||     7
       Mace              |       |       |       |       |    15 |       ||    15
Invok: Finesse           |       |       |       |       |     1 |     2 ||     3
       Heroism           |       |       |       |       |       |     1 ||     1
Evoke: Wand              |       |       |       |     2 |       |       ||     2
  Use: Scroll            |       |    11 |     9 |     7 |    16 |     5 ||    48
       Potion            |       |     3 |     4 |     4 |     6 |     5 ||    22
 Stab: Invisible         |       |       |       |       |     4 |       ||     4
       Petrified         |       |       |       |       |       |     3 ||     3
  Eat: Chunk             |     2 |     5 |    15 |    16 |    38 |    12 ||    88
       Royal jelly       |       |     1 |       |     1 |     1 |     1 ||     4
       Pizza             |       |       |     1 |     1 |     1 |     1 ||     4
       Fruit             |       |       |       |     7 |     3 |     5 ||    15
       Beef jerky        |       |       |       |       |     2 |       ||     2
Armor: Scale mail        |    60 |    44 |    65 |       |       |       ||   169
       Plate armour      |       |       |    73 |   417 |   506 |   142 ||  1138
       Chain mail        |       |       |       |       |       |    85 ||    85
Dodge: Dodged            |    36 |    29 |   114 |   254 |   402 |   263 ||  1098
Block: Shield            |    76 |    80 |   202 |   529 |   826 |   432 ||  2145
       Reflection        |       |       |       |       |       |     6 ||     6
